[ PARTIDA AOE2 · #458426160 ]
Team RMEslavos vs Cumans
[ ANÁLISIS DE REPETICIÓN · EXTRAÍDO DE LA PARTIDA GRABADA ]
Feudal
11:07
Castillos
17:21
Imperial
—
| APM promedio | 23.7 |
| APM pico | 79 |
| eAPM promedio | 15.7 |
| Aldeanos / militares | 73 / 48 |
Foco
⚔️ 19.1% · 🌾 80.9%
Spearman ×38 · Militia ×10
Feudal
11:51
Castillos
22:13
Imperial
—
| APM promedio | 22.5 |
| APM pico | 75 |
| eAPM promedio | 9.2 |
| Aldeanos / militares | 65 / 38 |
Foco
⚔️ 12.3% · 🌾 87.7%
Spearman ×34 · Knight ×4
Feudal
12:19
Castillos
18:39
Imperial
—
| APM promedio | 14.5 |
| APM pico | 29 |
| eAPM promedio | 6.8 |
| Aldeanos / militares | 24 / 39 |
Foco
⚔️ 28.8% · 🌾 71.2%
Knight ×29 · Skirmisher ×10
Feudal
11:56
Castillos
—
Imperial
—
| APM promedio | 27.4 |
| APM pico | 79 |
| eAPM promedio | 15.2 |
| Aldeanos / militares | 37 / 35 |
Foco
⚔️ 39.6% · 🌾 60.4%
Archer ×24 · Battering Ram ×11
Mapa de la partida
Recursos al inicio + cada clic de construcción. Línea gruesa = muro · recuadro discontinuo = muro de casas detectado. 🟡 oro · ⚪ piedra · 🟢 bayas · 🔶 jabalí · ⭕ reliquia
Inputs por minuto
— Imported Heineken™ ★ - - ShakaZuLu
Build order — Imported Heineken™ ★
Primeras 150 de 184 acciones detectadas
| 0:02 | Crear | Villager (Male) |
| 0:02 | Crear | Villager (Male) |
| 0:03 | Crear | Villager (Male) |
| 0:03 | Crear | Villager (Male) |
| 0:04 | Construir | House |
| 0:05 | Construir | House |
| 1:40 | Crear | Villager (Male) |
| 1:41 | Crear | Villager (Male) |
| 2:07 | Crear | Villager (Male) |
| 2:08 | Crear | Villager (Male) |
| 2:33 | Crear | Villager (Male) |
| 2:33 | Crear | Villager (Male) |
| 2:36 | Construir | House |
| 2:37 | Crear | Villager (Male) |
| 2:38 | Crear | Villager (Male) |
| 2:47 | Construir | House |
| 3:18 | Crear | Villager (Male) |
| 3:19 | Crear | Villager (Male) |
| 3:19 | Crear | Villager (Male) |
| 3:40 | Crear | Villager (Male) |
| 3:40 | Crear | Villager (Male) |
| 3:41 | Crear | Villager (Male) |
| 3:56 | Construir | Lumber Camp |
| 4:07 | Crear | Villager (Male) |
| 4:08 | Crear | Villager (Male) |
| 4:08 | Crear | Villager (Male) |
| 4:08 | Crear | Villager (Male) |
| 5:11 | Crear | Villager (Male) |
| 5:12 | Crear | Villager (Male) |
| 5:12 | Crear | Villager (Male) |
| 5:25 | Construir | Mill |
| 5:37 | Crear | Villager (Male) |
| 5:37 | Crear | Villager (Male) |
| 5:38 | Crear | Villager (Male) |
| 5:38 | Crear | Villager (Male) |
| 6:19 | Crear | Villager (Male) |
| 6:19 | Crear | Villager (Male) |
| 7:00 | Construir | House |
| 7:37 | Crear | Villager (Male) |
| 7:48 | Construir | Mining Camp |
| 7:51 | Investigar | Loom |
| 7:53 | Crear | Villager (Male) |
| 8:44 | Investigar | Feudal Age |
| 8:54 | Construir | Barracks |
| 9:44 | Crear | Villager (Male) |
| 9:44 | Crear | Villager (Male) |
| 11:07 | Edad | Edad Feudal |
| 11:09 | Investigar | Man-at-Arms (upgrade) |
| 11:12 | Construir | Market |
| 11:21 | Construir | Blacksmith |
| 11:25 | Crear | Villager (Male) |
| 12:31 | Crear | Villager (Male) |
| 13:16 | Crear | Villager (Male) |
| 13:25 | Crear | Militia |
| 13:25 | Crear | Militia |
| 13:52 | Construir | House |
| 13:55 | Construir | House |
| 14:41 | Investigar | Castle Age |
| 14:54 | Construir | Barracks |
| 14:59 | Investigar | Double-Bit Axe |
| 15:23 | Construir | Farm |
| 15:24 | Construir | Farm |
| 15:25 | Construir | Farm |
| 15:30 | Construir | Farm |
| 15:30 | Construir | Farm |
| 15:31 | Construir | Farm |
| 15:52 | Crear | Militia |
| 15:52 | Crear | Militia |
| 16:22 | Crear | Spearman |
| 16:22 | Crear | Spearman |
| 17:09 | Construir | House |
| 17:21 | Edad | Edad de los Castillos |
| 17:24 | Construir | Town Center |
| 17:30 | Construir | Siege Workshop |
| 17:38 | Construir | Town Center |
| 17:45 | Crear | Villager (Male) |
| 17:45 | Crear | Villager (Male) |
| 17:45 | Crear | Villager (Male) |
| 17:45 | Crear | Villager (Male) |
| 17:50 | Construir | Farm |
| 17:50 | Construir | Farm |
| 17:51 | Construir | Farm |
| 17:52 | Construir | Farm |
| 17:55 | Crear | Villager (Male) |
| 17:56 | Crear | Villager (Male) |
| 18:24 | Crear | Villager (Male) |
| 18:25 | Crear | Villager (Male) |
| 18:47 | Crear | Villager (Male) |
| 18:49 | Construir | Farm |
| 18:51 | Construir | Farm |
| 18:57 | Crear | Villager (Male) |
| 18:57 | Crear | Villager (Male) |
| 18:58 | Crear | Villager (Male) |
| 19:22 | Crear | Villager (Male) |
| 19:24 | Crear | Villager (Male) |
| 19:33 | Construir | Farm |
| 19:43 | Crear | Villager (Male) |
| 19:44 | Crear | Villager (Male) |
| 19:50 | Construir | Farm |
| 19:50 | Construir | Farm |
| 19:51 | Construir | Farm |
| 20:03 | Crear | Villager (Male) |
| 20:04 | Crear | Villager (Male) |
| 20:06 | Construir | Farm |
| 20:12 | Investigar | Horse Collar |
| 20:12 | Investigar | Horse Collar |
| 20:35 | Construir | Farm |
| 20:37 | Construir | Farm |
| 20:46 | Crear | Villager (Male) |
| 20:47 | Crear | Villager (Male) |
| 20:47 | Crear | Villager (Male) |
| 20:47 | Crear | Villager (Male) |
| 20:55 | Crear | Spearman |
| 20:56 | Crear | Spearman |
| 20:57 | Crear | Spearman |
| 21:18 | Construir | Barracks |
| 21:36 | Construir | Building 487 |
| 21:41 | Construir | House |
| 21:51 | Construir | House |
| 21:53 | Construir | House |
| 22:00 | Crear | Spearman |
| 22:00 | Crear | Spearman |
| 22:01 | Crear | Spearman |
| 22:01 | Crear | Spearman |
| 22:01 | Crear | Spearman |
| 22:07 | Crear | Villager (Male) |
| 22:07 | Crear | Villager (Male) |
| 22:08 | Crear | Villager (Male) |
| 22:08 | Crear | Villager (Male) |
| 22:08 | Crear | Villager (Male) |
| 22:09 | Crear | Villager (Male) |
| 22:38 | Investigar | Pikeman (upgrade) |
| 22:44 | Construir | Farm |
| 22:48 | Construir | Farm |
| 23:00 | Crear | Spearman |
| 23:01 | Crear | Spearman |
| 23:01 | Crear | Spearman |
| 23:10 | Construir | Farm |
| 23:10 | Construir | Farm |
| 23:11 | Construir | Farm |
| 23:20 | Crear | Spearman |
| 23:20 | Crear | Spearman |
| 23:20 | Crear | Spearman |
| 23:21 | Crear | Spearman |
| 23:29 | Crear | Spearman |
| 23:29 | Crear | Spearman |
| 23:42 | Crear | Spearman |
| 23:42 | Crear | Spearman |
| 23:42 | Crear | Spearman |
| 23:48 | Construir | Farm |
Build order — ShakaZuLu
147 acciones detectadas en el replay
| 0:09 | Investigar | Loom |
| 0:10 | Crear | Villager (Male) |
| 0:10 | Crear | Villager (Male) |
| 0:10 | Crear | Villager (Male) |
| 0:10 | Crear | Villager (Male) |
| 0:19 | Construir | House |
| 0:20 | Construir | House |
| 0:22 | Construir | House |
| 0:26 | Construir | House |
| 2:20 | Crear | Villager (Male) |
| 2:20 | Crear | Villager (Male) |
| 2:47 | Construir | Lumber Camp |
| 2:54 | Crear | Villager (Male) |
| 2:54 | Crear | Villager (Male) |
| 3:26 | Crear | Villager (Male) |
| 3:26 | Crear | Villager (Male) |
| 3:55 | Crear | Villager (Male) |
| 3:55 | Crear | Villager (Male) |
| 4:18 | Crear | Villager (Male) |
| 4:19 | Crear | Villager (Male) |
| 4:43 | Crear | Villager (Male) |
| 4:59 | Construir | Mill |
| 5:19 | Crear | Villager (Male) |
| 5:32 | Crear | Villager (Male) |
| 5:32 | Crear | Villager (Male) |
| 6:00 | Crear | Villager (Male) |
| 6:01 | Crear | Villager (Male) |
| 6:25 | Crear | Villager (Male) |
| 6:25 | Crear | Villager (Male) |
| 6:56 | Construir | Lumber Camp |
| 7:11 | Crear | Villager (Male) |
| 7:11 | Crear | Villager (Male) |
| 7:11 | Crear | Villager (Male) |
| 8:16 | Crear | Villager (Male) |
| 8:41 | Crear | Villager (Male) |
| 8:41 | Crear | Villager (Male) |
| 9:35 | Investigar | Feudal Age |
| 10:15 | Construir | Mining Camp |
| 10:21 | Construir | Mining Camp |
| 10:37 | Construir | House |
| 10:37 | Construir | House |
| 10:39 | Construir | House |
| 10:47 | Crear | Villager (Male) |
| 10:47 | Crear | Villager (Male) |
| 10:55 | Construir | Farm |
| 10:56 | Construir | Farm |
| 10:57 | Construir | Farm |
| 11:19 | Construir | Farm |
| 11:51 | Edad | Edad Feudal |
| 12:01 | Investigar | Horse Collar |
| 12:06 | Investigar | Double-Bit Axe |
| 12:14 | Crear | Villager (Male) |
| 12:33 | Construir | Barracks |
| 12:34 | Construir | Barracks |
| 12:41 | Construir | Mining Camp |
| 12:46 | Crear | Villager (Male) |
| 12:53 | Construir | Farm |
| 13:08 | Crear | Villager (Male) |
| 13:41 | Crear | Villager (Male) |
| 13:55 | Construir | Blacksmith |
| 14:04 | Construir | Market |
| 14:10 | Crear | Villager (Male) |
| 14:14 | Construir | Farm |
| 14:38 | Crear | Villager (Male) |
| 15:02 | Construir | Stable |
| 15:11 | Crear | Villager (Male) |
| 15:11 | Crear | Villager (Male) |
| 15:28 | Construir | Mining Camp |
| 15:38 | Crear | Villager (Male) |
| 16:12 | Crear | Villager (Male) |
| 16:13 | Crear | Villager (Male) |
| 16:39 | Construir | Farm |
| 16:40 | Construir | Farm |
| 16:56 | Crear | Villager (Male) |
| 16:56 | Crear | Villager (Male) |
| 17:14 | Construir | Farm |
| 17:29 | Construir | Farm |
| 17:49 | Construir | Farm |
| 17:55 | Construir | Farm |
| 17:57 | Construir | Farm |
| 17:59 | Construir | Farm |
| 18:00 | Construir | Farm |
| 18:06 | Crear | Villager (Male) |
| 18:21 | Construir | Farm |
| 18:27 | Construir | Farm |
| 18:31 | Crear | Villager (Male) |
| 18:31 | Crear | Villager (Male) |
| 18:39 | Construir | Farm |
| 18:41 | Construir | Farm |
| 19:06 | Crear | Villager (Male) |
| 19:06 | Crear | Villager (Male) |
| 19:12 | Construir | Farm |
| 19:13 | Construir | Farm |
| 19:19 | Construir | Farm |
| 19:33 | Investigar | Castle Age |
| 20:04 | Investigar | Stone Mining |
| 20:32 | Crear | Spearman ×5 |
| 20:33 | Crear | Spearman ×5 |
| 20:33 | Crear | Spearman ×4 |
| 21:17 | Investigar | Gold Mining |
| 22:13 | Edad | Edad de los Castillos |
| 22:15 | Crear | Villager (Male) |
| 22:15 | Crear | Villager (Male) |
| 22:21 | Investigar | Bow Saw |
| 22:38 | Construir | Castle |
| 22:51 | Construir | Town Center |
| 22:54 | Crear | Villager (Male) |
| 22:55 | Crear | Villager (Male) |
| 22:58 | Investigar | Heavy Plow |
| 23:14 | Investigar | Pikeman (upgrade) |
| 23:14 | Investigar | Squires |
| 23:28 | Crear | Villager (Male) |
| 23:42 | Construir | Town Center |
| 23:48 | Construir | Lumber Camp |
| 23:51 | Construir | Lumber Camp |
| 24:29 | Construir | House |
| 24:30 | Construir | House |
| 24:32 | Construir | House |
| 24:33 | Construir | House |
| 24:34 | Construir | House |
| 24:35 | Construir | House |
| 24:36 | Construir | House |
| 24:37 | Construir | House |
| 24:50 | Construir | House |
| 24:51 | Construir | House |
| 25:25 | Crear | Knight |
| 25:25 | Crear | Knight |
| 25:26 | Crear | Knight |
| 25:26 | Crear | Knight |
| 26:15 | Construir | Stable |
| 26:24 | Construir | Stable |
| 26:30 | Crear | Spearman ×5 |
| 26:30 | Crear | Spearman ×5 |
| 26:30 | Crear | Spearman ×5 |
| 26:31 | Crear | Spearman ×5 |
| 26:46 | Crear | Villager (Male) |
| 26:46 | Crear | Villager (Male) |
| 26:47 | Crear | Villager (Male) |
| 26:47 | Crear | Villager (Male) |
| 26:49 | Crear | Villager (Male) |
| 26:50 | Crear | Villager (Male) |
| 26:50 | Crear | Villager (Male) |
| 26:57 | Crear | Villager (Male) |
| 26:57 | Crear | Villager (Male) |
| 26:57 | Crear | Villager (Male) |
| 26:58 | Crear | Villager (Male) |
| 26:58 | Crear | Villager (Male) |
Build order — asyrex
53 acciones detectadas en el replay
| 0:03 | Investigar | Loom |
| 0:07 | Crear | Villager (Male) ×4 |
| 1:39 | Crear | Villager (Male) |
| 2:32 | Crear | Villager (Male) ×2 |
| 2:49 | Crear | Villager (Male) |
| 3:35 | Crear | Villager (Male) ×2 |
| 4:24 | Crear | Villager (Male) |
| 4:33 | Crear | Villager (Male) |
| 5:00 | Crear | Villager (Male) ×2 |
| 5:45 | Crear | Villager (Male) |
| 6:46 | Construir | Mining Camp |
| 6:52 | Construir | Lumber Camp |
| 6:58 | Crear | Villager (Male) ×5 |
| 7:06 | Crear | Villager (Male) |
| 7:10 | Crear | Villager (Male) |
| 8:09 | Construir | Mill |
| 10:07 | Construir | Barracks |
| 10:09 | Investigar | Feudal Age |
| 11:08 | Construir | Farm |
| 11:11 | Construir | Farm |
| 12:09 | Crear | Villager (Male) |
| 12:09 | Crear | Villager (Male) |
| 12:19 | Edad | Edad Feudal |
| 12:29 | Construir | Stable |
| 12:37 | Construir | Archery Range |
| 13:04 | Construir | Mill |
| 13:14 | Construir | Farm |
| 13:20 | Investigar | Double-Bit Axe |
| 14:50 | Construir | Stable |
| 15:52 | Construir | Blacksmith |
| 15:59 | Investigar | Castle Age |
| 16:43 | Construir | Farm |
| 16:58 | Construir | Market |
| 17:07 | Crear | Skirmisher ×4 |
| 17:07 | Crear | Skirmisher ×4 |
| 18:23 | Construir | Farm |
| 18:24 | Construir | Farm |
| 18:24 | Construir | Farm |
| 18:25 | Construir | Farm |
| 18:39 | Edad | Edad de los Castillos |
| 18:41 | Crear | Knight ×5 |
| 19:01 | Construir | Mill |
| 19:15 | Crear | Skirmisher ×2 |
| 20:39 | Crear | Knight ×3 |
| 20:39 | Crear | Knight |
| 21:22 | Investigar | Scale Barding Armor |
| 21:42 | Investigar | Horse Collar |
| 22:41 | Crear | Knight ×3 |
| 22:59 | Crear | Knight |
| 26:10 | Crear | Knight ×5 |
| 26:10 | Crear | Knight ×5 |
| 26:10 | Crear | Knight ×5 |
| 26:10 | Crear | Knight |
Build order — mmertylmzz
110 acciones detectadas en el replay
| 0:01 | Crear | Villager (Male) |
| 0:02 | Crear | Villager (Male) |
| 0:02 | Crear | Villager (Male) |
| 0:02 | Crear | Villager (Male) |
| 0:03 | Construir | House |
| 0:05 | Construir | House |
| 1:33 | Crear | Villager (Male) |
| 1:53 | Crear | Villager (Male) |
| 2:18 | Crear | Villager (Male) |
| 2:44 | Crear | Villager (Male) |
| 3:00 | Crear | Villager (Male) |
| 3:26 | Construir | House |
| 3:27 | Construir | House |
| 3:34 | Crear | Villager (Male) |
| 3:53 | Crear | Villager (Male) |
| 4:08 | Crear | Villager (Male) |
| 4:40 | Crear | Villager (Male) |
| 5:04 | Crear | Villager (Male) |
| 5:14 | Construir | Lumber Camp |
| 5:31 | Crear | Villager (Male) |
| 5:31 | Crear | Villager (Male) |
| 6:06 | Crear | Villager (Male) |
| 6:17 | Crear | Villager (Male) |
| 6:33 | Construir | Mill |
| 6:49 | Construir | Mining Camp |
| 6:57 | Crear | Villager (Male) |
| 7:08 | Crear | Villager (Male) |
| 8:33 | Construir | House |
| 8:48 | Construir | Barracks |
| 8:59 | Construir | House |
| 9:37 | Construir | House |
| 9:38 | Construir | House |
| 9:46 | Investigar | Feudal Age |
| 9:49 | Crear | Villager (Male) |
| 10:20 | Crear | Villager (Male) |
| 10:20 | Crear | Villager (Male) |
| 10:32 | Construir | Farm |
| 10:51 | Construir | Farm |
| 10:59 | Crear | Villager (Male) |
| 10:59 | Crear | Villager (Male) |
| 11:56 | Edad | Edad Feudal |
| 12:05 | Construir | Archery Range |
| 12:27 | Construir | Blacksmith |
| 12:33 | Crear | Villager (Male) |
| 13:12 | Construir | Siege Workshop |
| 13:17 | Investigar | Double-Bit Axe |
| 13:23 | Crear | Villager (Male) |
| 13:24 | Crear | Villager (Male) |
| 13:53 | Investigar | Gold Mining |
| 14:06 | Crear | Battering Ram |
| 14:06 | Crear | Battering Ram |
| 14:06 | Crear | Battering Ram |
| 14:38 | Crear | Villager (Male) |
| 14:38 | Crear | Villager (Male) |
| 14:42 | Crear | Villager (Male) |
| 14:48 | Crear | Battering Ram |
| 14:52 | Crear | Archer |
| 14:52 | Crear | Archer |
| 14:52 | Crear | Archer |
| 14:52 | Crear | Archer |
| 15:40 | Crear | Battering Ram |
| 15:45 | Investigar | Fletching |
| 16:03 | Construir | House |
| 16:11 | Crear | Battering Ram |
| 16:22 | Crear | Archer |
| 16:22 | Crear | Archer |
| 16:37 | Construir | Archery Range |
| 16:44 | Investigar | Padded Archer Armor |
| 17:25 | Construir | Town Center |
| 17:42 | Construir | Farm |
| 17:44 | Crear | Archer |
| 17:45 | Crear | Archer |
| 17:45 | Crear | Archer |
| 17:46 | Crear | Archer |
| 18:29 | Crear | Battering Ram |
| 18:34 | Crear | Villager (Male) |
| 18:35 | Crear | Villager (Male) |
| 18:40 | Construir | House |
| 18:41 | Construir | House |
| 18:43 | Construir | House |
| 19:10 | Crear | Battering Ram |
| 19:35 | Construir | House |
| 19:36 | Construir | House |
| 19:47 | Crear | Archer |
| 19:48 | Crear | Archer |
| 20:08 | Crear | Villager (Male) |
| 20:08 | Crear | Villager (Male) |
| 20:20 | Construir | Mining Camp |
| 20:28 | Crear | Battering Ram |
| 20:29 | Crear | Archer |
| 20:41 | Crear | Villager (Male) |
| 20:42 | Crear | Villager (Male) |
| 21:21 | Crear | Archer |
| 21:22 | Crear | Archer |
| 21:22 | Crear | Archer |
| 21:36 | Construir | Farm |
| 21:39 | Construir | Farm |
| 21:49 | Construir | House |
| 21:50 | Construir | House |
| 21:51 | Construir | House |
| 22:15 | Crear | Archer |
| 22:16 | Crear | Archer |
| 22:17 | Crear | Archer |
| 22:17 | Crear | Archer |
| 22:36 | Crear | Battering Ram |
| 22:36 | Crear | Battering Ram |
| 23:37 | Crear | Archer |
| 23:38 | Crear | Archer |
| 23:39 | Crear | Archer |
| 23:40 | Crear | Archer |
Cronología de la partida
| 8:48 | mmertylmzz · first_building Barracks |
| 8:54 | Imported Heineken™ ★ · first_building Barracks |
| 10:07 | asyrex · first_building Barracks |
| 11:07 | Imported Heineken™ ★ · age_up feudal |
| 11:51 | ShakaZuLu · age_up feudal |
| 11:56 | mmertylmzz · age_up feudal |
| 12:05 | mmertylmzz · first_building Archery Range |
| 12:19 | asyrex · age_up feudal |
| 12:29 | asyrex · first_building Stable |
| 12:33 | ShakaZuLu · first_building Barracks |
| 12:37 | asyrex · first_building Archery Range |
| 13:12 | mmertylmzz · first_building Siege Workshop |
| 15:02 | ShakaZuLu · first_building Stable |
| 17:21 | Imported Heineken™ ★ · age_up castle |
| 17:30 | Imported Heineken™ ★ · first_building Siege Workshop |
| 18:39 | asyrex · age_up castle |
| 22:13 | ShakaZuLu · age_up castle |
| 22:38 | ShakaZuLu · first_building Castle |
| 25:41 | Imported Heineken™ ★ · first_building Monastery |
| 27:25 | Imported Heineken™ ★ · resign |
[ ANÁLISIS IA · 1 CRÉDITO ]
¿Qué pasó realmente en esta partida?
Wolo.gg analiza cada decisión: build order, eco, micro, errores típicos por bracket. Análisis personalizado por WhatsApp o Discord en 30 segundos.
Guía civ
Eslavos
Guía mapa
Arena
Perfil
Imported Heineken™ ★